 Dungeon Sprint DCSS version 0.27-a0-887-gcab673c142 (webtiles) character file.

Game seed: 14096623108206232600

75 howech the Firebug (level 4, -12/34 HPs)
             Began as a Gnoll Fire Elementalist on Apr 4, 2021.
             Was an Initiate of Okawaru.
             Killed from afar by a deep elf knight (17 damage)
             ... with a lance of force
             ... in the Dungeon (Sprint V: "Ziggurat Sprint").
             The game lasted 00:01:59 (83 turns).

howech the Firebug (Gnoll Fire Elementalist)          Turns: 83, Time: 00:02:00

Health: -12/34     AC: 13    Str:  8    XL:     4   Next: 31%
Magic:  9/11       EV:  2    Int: 15    God:    Okawaru [......]
Gold:   0          SH: 27    Dex: 24    Spells: 13/14 levels left

rFire    + + .     SeeInvis .   a - +7 Screaming Sword {vorpal, sonic wave}
rCold    x . .     Faith    .   D - +18 shield of the Gong {rElec rN+ Will+ EV-5}
rNeg     + . .     Spirit   .   b - +5 fire dragon scales
rPois    .         Reflect  .   (no helmet)
rElec    +         Harm     .   (no cloak)
rCorr    .         Rampage  .   (no gloves)
Will     +....     NoTele   +   (no boots)
Stlth    ++........             (no amulet)
HPRegen  0.11/turn              w - +6 ring of dexterity
MPRegen  0.12/turn              x - +6 ring of dexterity

@: flying (expiring), very slightly contaminated, hasted, very quick
A: fangs 1, strong nose, distributed training
a: Renounce Religion


You were in the Dungeon.
You worshipped Okawaru.
Okawaru was noncommittal.
You visited 1 branch

Inventory:

Hand Weapons
 a - the +7 Screaming Sword (weapon) {vorpal, sonic wave}
   (You found it in the Dungeon)

   It inflicts extra damage upon your enemies.
Armour
 b - +5 fire dragon scales (worn)
 D - the +18 shield of the Gong (worn) {rElec rN+ Will+ EV-5}
   (You found it in the Dungeon)

   It affects your evasion (-5).
   It insulates you from electricity.
   It protects you from negative energy.
   It increases your willpower.
Jewellery
 v - a ring of flight
 w - a +6 ring of dexterity (left hand)
 x - a +6 ring of dexterity (right hand)
 y - a +6 ring of intelligence
 z - a +6 ring of intelligence
 A - a +6 ring of strength
 B - a +6 ring of strength
Wands
 s - a wand of mindburst (7)
 t - a wand of iceblast (7)
 u - a wand of acid (7)
Scrolls
 h - 4 scrolls of blinking
 n - 4 scrolls of amnesia
 o - 7 scrolls of fog
 p - a scroll of holy word
 q - 5 scrolls of identify
 r - 2 scrolls of fear
Potions
 c - 10 potions of curing
 d - 9 potions of heal wounds
 e - 5 potions of haste
 f - 7 potions of magic
 g - 3 potions of berserk rage
 i - 2 potions of brilliance
 j - a potion of invisibility
 k - 4 potions of resistance
 l - a potion of experience
 m - 5 potions of might
Miscellaneous
 C - a lightning rod (4/4)


   Skills:
 + Level 2.6 Fighting
 + Level 2.6 Short Blades
 + Level 2.6 Long Blades
 + Level 2.6 Axes
 + Level 2.6 Maces & Flails
 + Level 2.6 Polearms
 + Level 2.6 Staves
 + Level 2.6 Slings
 + Level 2.6 Bows
 + Level 2.6 Crossbows
 + Level 2.6 Throwing
 + Level 2.6 Armour
 + Level 5.3 Dodging
 + Level 5.0 Stealth
 + Level 2.6 Shields
 + Level 2.6 Unarmed Combat
 + Level 5.6 Spellcasting
 + Level 3.0 Conjurations
 + Level 2.1 Hexes
 + Level 2.1 Summonings
 + Level 2.1 Necromancy
 + Level 2.1 Translocations
 + Level 2.1 Transmutations
 + Level 5.9 Fire Magic
 + Level 2.1 Ice Magic
 + Level 2.1 Air Magic
 + Level 2.1 Earth Magic
 + Level 2.1 Poison Magic
 + Level 2.9 Invocations
 + Level 2.6 Evocations


You had 13 spell levels left.
You knew the following spells:

 Your Spells              Type           Power      Damage    Failure   Level
a - Foxfire               Conj/Fire      68%        2x1d7     87%         1

Your spell library contained the following spells:

 Spells                   Type           Power      Damage    Failure   Level
 Conjure Flame            Conj/Fire      17%        6-21      99%         3
 Inner Flame              Hex/Fire       16%        N/A       99%         3
 Sticky Flame             Conj/Fire      17%        2d4       100%        4
 Fireball                 Conj/Fire      8%         3d6       100%        5


Dungeon Overview and Level Annotations

Branches:
Dungeon (1/1)

Altars:
Ashenzari
Cheibriados
Dithmenos
Elyvilon
Fedhas
Gozag
Hepliaklqana
Kikubaaqudgha
Makhleb
Nemelex Xobeh
Okawaru
Qazlal
Ru
Sif Muna
Trog
Uskayaw
Vehumet
Wu Jian
Xom
Yredelemnul
Zin
The Shining One
Beogh
Jiyva
Lugonu

Annotations:
D 1 transporter


Innate Abilities, Weirdness & Mutations

You have very sharp teeth.
Your uncanny sense of smell can sniff out nearby items.
Your experience applies equally to all skills.


Message History

A fire crab, an air elemental, a deep elf knight and a deep elf archer come into view.
Found four items.
Found a transporter.
Unknown command.
You flicker back into view.
The deep elf archer shouts!
The deep elf knight shouts!
A vortex of raging winds appears around the air elemental!
The vortex of raging winds lifts you up.
You fly up into the air.
You block the air elemental's attack.
GONNNNG!
You block the air elemental's attack.
GONNNNG!
Unknown command.
You slash the air elemental!
The air elemental is moderately damaged.
You are engulfed in raging winds.
The fire crab changes into something you cannot see!
You block the air elemental's attack.
GONNNNG!
You block the air elemental's attack.
GONNNNG!
The deep elf archer unwields a +0 dagger.
The deep elf archer wields a +0 longbow.
The deep elf archer shoots an arrow.
GONNNNG!
You block the arrow. The air elemental hits you.
You closely miss the deep elf knight.
The deep elf knight is moderately wounded.
You are engulfed in raging winds.
* * * LOW HITPOINT WARNING * * *
The winds around the air elemental start to calm down.
Something hits you but does no damage.
Deactivating autopickup; reactivate with Ctrl-A.
You block the air elemental's attack.
GONNNNG!
The deep elf archer blinks!
You block the air elemental's attack.
PTOANNNG!
The deep elf knight points at you and mumbles some strange words.
The lance of force hits you!
Ouch! That really hurt!
You die...

▓▓▓▓▓▓▓▓▓▓▓▓▓▓▓▓▓▓▓
▓§8§8§▓.8©8.▓.8©8.▓
∆
▓§§§§§▓.))}.▓.....▓
∆
▓§§§e§▓.....▓.).|.▓
▓§§E@§▓.....▓.))..▓
▓§§§§e▓.....▓.....▓
▓§§§§§▓.....▓..©..▓
▓§§§§§▓..©..▓▓▓▓▓▓▓
▓▓▓▓▓▓▓▓▓▓▓▓▓ ∆∆∆
∆∆∆ ∆ ∆ ∆


You could see a deep elf archer (repels missiles), a deep elf knight and an air
elemental.

Vanquished Creatures
  A wight (D)
  An orc priest (D)
  An adder zombie (D)
  An orc (D)
  A ball python skeleton (D)
5 creatures vanquished.

Notes
Turn   | Place    | Note
-------+----------+-------------------------------------------
     0 | D        | howech the Gnoll Fire Elementalist began the quest for the
                  | Orb.
     0 | D        | Reached XP level 1. HP: 13/13 MP: 6/6
    12 | D        | Found a blossoming altar of Fedhas.
    13 | D        | Found the +6 Majin-Bo {vamp, MP+6 Int+6}
    13 | D        | Found the +9 heavy crossbow "Sniper" {vorpal, Acc+∞ SInv}
    13 | D        | Found the +10 dark maul {vorpal}
    13 | D        | Found the +15 Maxwell's patent armour {-Cast -Tele rElec
                  | Will+ rCorr}
    13 | D        | Found the +18 shield of the Gong {rElec rN+ Will+ EV-5}
    13 | D        | Found the +14 obsidian axe {vorpal, Drain Fly SInv}
    13 | D        | Found the +7 great mace "Firestarter" {inner flame, rF++}
    13 | D        | Found the +6 shillelagh "Devastator" {shatter}
    13 | D        | Found the +11 plutonium sword {Contam Stlth-}
    13 | D        | Found the +8 lance "Wyrmbane" {slay drac, rPois rF+ rC+
                  | AC+3}
    13 | D        | Found the +9 sword of Zonguldrok {reap}
    13 | D        | Found the +13 scythe of Curses {drain, Drain}
    13 | D        | Found the +5 sword of Power {vorpal}
    13 | D        | Found the +7 mace of Variability {chain chaos}
    13 | D        | Found the +7 Singing Sword {vorpal, sonic wave}
    13 | D        | Found the +8 storm bow {elec, penet}
    14 | D        | Found a shimmering blue altar of Sif Muna.
    14 | D        | Found a sacrificial altar of Ru.
    14 | D        | Found a bloodstained altar of Trog.
    14 | D        | Found a stormy altar of Qazlal.
    14 | D        | Found an iron altar of Okawaru.
    14 | D        | Found a sparkling altar of Nemelex Xobeh.
    16 | D        | Found a transporter.
    16 | D        | Found an ancient bone altar of Kikubaaqudgha.
    16 | D        | Found a viscous altar of Jiyva.
    16 | D        | Found a corrupted altar of Lugonu.
    16 | D        | Found a hazy altar of Hepliaklqana.
    16 | D        | Found a burning altar of Makhleb.
    16 | D        | Found an opulent altar of Gozag.
    43 | D        | Became a worshipper of Warmaster Okawaru
    54 | D        | Entered arena 2.
    54 | D        | Noticed an orc priest
    54 | D        | Found a transporter.
    60 | D        | Killed an orc priest
    61 | D        | Reached skill level 1 in Fighting
    61 | D        | Reached skill level 1 in Short Blades
    61 | D        | Reached skill level 1 in Long Blades
    61 | D        | Reached skill level 1 in Axes
    61 | D        | Reached skill level 1 in Maces & Flails
    61 | D        | Reached skill level 1 in Polearms
    61 | D        | Reached skill level 1 in Staves
    61 | D        | Reached skill level 1 in Slings
    61 | D        | Reached skill level 1 in Bows
    61 | D        | Reached skill level 1 in Crossbows
    61 | D        | Reached skill level 1 in Throwing
    61 | D        | Reached skill level 1 in Armour
    61 | D        | Reached skill level 1 in Shields
    61 | D        | Reached skill level 1 in Unarmed Combat
    61 | D        | Reached skill level 5 in Spellcasting
    61 | D        | Reached skill level 1 in Hexes
    61 | D        | Reached skill level 1 in Summonings
    61 | D        | Reached skill level 1 in Necromancy
    61 | D        | Reached skill level 1 in Translocations
    61 | D        | Reached skill level 1 in Transmutations
    61 | D        | Reached skill level 1 in Ice Magic
    61 | D        | Reached skill level 1 in Air Magic
    61 | D        | Reached skill level 1 in Earth Magic
    61 | D        | Reached skill level 1 in Poison Magic
    61 | D        | Reached skill level 1 in Evocations
    61 | D        | Reached XP level 2. HP: 2/22 MP: 8/8
    61 | D        | Reached XP level 3. HP: 2/27 MP: 9/9
    68 | D        | Entered arena 3.
    68 | D        | Found a transporter.
    76 | D        | Reached skill level 5 in Dodging
    76 | D        | Reached XP level 4. HP: 28/34 MP: 9/11
    77 | D        | Reached skill level 5 in Stealth
    79 | D        | Entered arena 4.
    79 | D        | Noticed a deep elf archer
    79 | D        | Noticed a fire crab
    79 | D        | Noticed an air elemental
    79 | D        | Noticed a deep elf knight
    79 | D        | Found a transporter.
    82 | D        | a fire crab changed into something unseen
    83 | D        | Killed from afar by a deep elf knight

Illustrated notes

Levels and vault maps discovered:
D:        sprint_v [room_start, room_1, room_2, room_3, room_4, room_5, room_6,
          room_7, room_8, room_9, room_10, room_11, room_12, room_13, room_14,
          room_15, room_16, room_17, room_18, room_19, room_20, room_21,
          room_22, room_23, room_24, room_25, room_26, room_27]

Skill      XL: |  1  2  3  4 |
---------------+-------------+-----
Conjurations   | 2 3 |  3.0
Fighting       | 1 2 |  2.6
Short Blades   | 1 2 |  2.6
Long Blades    | 1 2 |  2.6
Axes           | 1 2 |  2.6
Maces & Flails | 1 2 |  2.6
Polearms       | 1 2 |  2.6
Staves         | 1 2 |  2.6
Slings         | 1 2 |  2.6
Bows           | 1 2 |  2.6
Crossbows      | 1 2 |  2.6
Throwing       | 1 2 |  2.6
Armour         | 1 2 |  2.6
Shields        | 1 2 |  2.6
Unarmed Combat | 1 2 |  2.6
Spellcasting   | 5 |  5.6
Hexes          | 1 2 |  2.1
Summonings     | 1 2 |  2.1
Necromancy     | 1 2 |  2.1
Translocations | 1 2 |  2.1
Transmutations | 1 2 |  2.1
Ice Magic      | 1 2 |  2.1
Air Magic      | 1 2 |  2.1
Earth Magic    | 1 2 |  2.1
Poison Magic   | 1 2 |  2.1
Invocations    | 2 |  2.9
Evocations     | 1 2 |  2.6
Dodging        | 5 |  5.3
Stealth        | 5 |  5.0
Fire Magic     | |  5.9

Action                   |  1- 3 |  4- 6 || total
-------------------------+-------+-------++-------
Melee: Double sword      |     8 |     3 ||    11
  Use: Potion            |     3 |       ||     3
 Stab: Invisible         |     1 |     1 ||     2
       Sleeping          |     1 |       ||     1
Armor: Fire dragon scale |     3 |     1 ||     4
Block: Kite shield       |     6 |     7 ||    13

Table legend: (Time is in decaauts)
 A = Elapsed time spent in this place.
 B = Non-inter-level travel time spent in this place.
 C = Inter-level travel time spent in this place.
 D = Time resting spent in this place.
 E = Time spent auto-exploring this place.
 F = Levels seen in this place.
 G = Mean time per level.
                   A        B        C        D        E       F      G
               +--------+--------+--------+--------+--------+-----+--------+
         Total |     76 |     76 |      0 |      0 |      0 |   1 |   76.0 |
       Dungeon |     76 |     76 |      0 |      0 |      0 |   1 |   76.0 |
               +--------+--------+--------+--------+--------+-----+--------+

Top non-repeatable levels by time:
       D: 76 daAuts
